 Dungeon Crawl Stone Soup version 0.29.1-1-gd02db6906a (webtiles) character file.

Game seed: 447438737651508914

1557 Icepheonix32 the Insei (level 8, 0/56 HPs)
             Began as a Merfolk Transmuter on Oct 5, 2022.
             Was a Follower of Sif Muna.
             Slain by Duvessa
             ... wielding a +0 short sword
              (11 damage)
             ... on level 7 of the Dungeon.
             The game lasted 00:14:17 (6443 turns).

Icepheonix32 the Insei (Merfolk Transmuter)         Turns: 6443, Time: 00:14:18

Health: 0/56       AC:  2    Str: 14    XL:     8   Next: 88%
Magic:  11/13      EV: 23    Int: 12    God:    Sif Muna [*.....]
Gold:   879        SH:  0    Dex: 22    Spells: 4/14 levels left

rFire   . . .      SeeInvis .     - Unarmed
rCold   . . .      Faith    +   (shield currently unavailable)
rNeg    . . .      Spirit   .   (body armour currently unavailable)
rPois   x          Reflect  .   (helmet currently unavailable)
rElec   .          Harm     .   (cloak currently unavailable)
rCorr   +          Rampage  .   (gloves currently unavailable)
Will    .....                   (boots currently unavailable)
Stlth   +++.......              q - amulet of faith
HPRegen 0.18/turn               o - ring of wizardry
MPRegen 0.13/turn               y - ring of resist corrosion

@: spider-form, hasted, very quick
A: venomous fangs, tiny, (nimble swimmer 2), (mertail), (iridescent scales 1),
agile 1, strong 1
a: End Transformation, Renounce Religion, Channel Magic


You were on level 7 of the Dungeon.
You worshipped Sif Muna.
Sif Muna was aware of your devotion.
You were a venomous arachnid creature.
You visited 2 branches of the dungeon, and saw 8 of its levels.
You also visited: Sewer.

You collected 879 gold pieces.

Inventory:

Missiles
 n - 2 boomerangs
 w - a throwing net
Armour
 a - a +0 robe (melded)
 c - a +0 helmet (melded)
 i - a +0 leather armour of fire resistance
 p - the +1 pair of boots of Failure (melded) {Str-4 Int+6 Dex+4}
   (You found it on level 3 of the Dungeon)

   Str:       It affects your strength (-4).
   Int:       It affects your intelligence (+6).
   Dex:       It affects your dexterity (+4).
 s - a +2 cloak (melded)
 B - a +1 pair of gloves (melded)
Magical Staves
 j - a staff of fire
Jewellery
 o - a ring of wizardry (left front leg)
 q - an amulet of faith (around neck)
 y - a ring of resist corrosion (right front leg)
 C - the ring of the Death Scarab {rN++ Will+ Str-5 Int+6}
   (You found it on level 6 of the Dungeon)

   [ring of intelligence]

   Str:       It affects your strength (-5).
   Int:       It affects your intelligence (+6).
   rN:        It greatly protects you from negative energy.
   Will:      It increases your willpower.
Scrolls
 d - 4 scrolls of teleportation
 h - a scroll of amnesia
 m - a scroll of poison
Potions
 b - 2 potions of brilliance
 e - a potion of mutation
 k - a potion of curing
 u - 3 potions of cancellation {unknown}
 v - a potion of berserk rage
 z - a potion of attraction {unknown}
 D - a potion of degeneration {unknown}
 E - 2 potions of magic {unknown}
 F - a potion of lignification


   Skills:
 + Level 2.1 Fighting
 + Level 5.1 Dodging
 + Level 3.3 Stealth
 + Level 7.0 Unarmed Combat
 + Level 3.6 Spellcasting
 * Level 7.0 Transmutations
 * Level 3.3 Ice Magic
 + Level 3.5 Poison Magic


You had 4 spell levels left.
You knew the following spells:

 Your Spells              Type           Power      Damage    Failure   Level
a - Beastly Appendage     Tmut           38%        N/A       2%          1
b - Wereblood             Tmut           19%        N/A       3%          2
c - Spider Form           Tmut/Pois      14%        N/A       9%          3
d - Ice Form              Ice/Tmut       14%        N/A       21%         4

Your spell library contained the following spells:

 Spells                   Type           Power      Damage    Failure   Level
 Static Discharge         Conj/Air       2%         3-4/arc   26%         2
 Conjure Flame            Conj/Fire      2%         6-21      43%         3
 Gell's Gravitas          Tloc           2%         N/A       43%         3
 Lesser Beckoning         Tloc           2%         N/A       43%         3
 Teleport Other           Tloc           2%         N/A       43%         3
 Sticky Flame             Conj/Fire      2%         2d3       78%         4
 Freezing Cloud           Conj/Ice/Air   2%         6-21      90%         5
 Lightning Bolt           Conj/Air       1%         1d12      97%         5
 Maxwell's Capacitive Co  Air            1%         ∞         100%        8


Dungeon Overview and Level Annotations

Branches:
Dungeon (7/15)             Temple (1/1) D:5           Sewer (visited)

Altars:
Ashenzari
Cheibriados
Dithmenos
Fedhas
Gozag
Hepliaklqana
Kikubaaqudgha
Qazlal
Sif Muna
Trog
Vehumet
Xom
Yredelemnul
Zin
The Shining One
Ignis

Annotations:
D:7 Duvessa


Innate Abilities, Weirdness & Mutations

You are a venomous arachnid creature.
You have poisonous fangs.
You are tiny and dextrous.
Your spellcasting is less reliable in this form.
Your armour is entirely melded.
You are incapable of wielding weapons or throwing items.
((You are very nimble when in or above water. (Stealth+, EV+, Speed+++)))
((Your lower body shifts to a powerful aquatic tail in water.))
((You are partially covered in iridescent scales. (AC +2)))
You are agile. (Dex +4, Str/Int -1)
Your muscles are strong. (Str +4, Int/Dex -1)


Message History

Duvessa hits you with a +0 short sword!
You bite Duvessa!
Duvessa is poisoned.
Duvessa is moderately wounded.
Your transformation has ended.
Your +2 cloak unmelds from your body.
Your +0 helmet unmelds from your body.
Your +1 pair of gloves unmelds from your body.
The +1 pair of boots of Failure {Str-4 Int+6 Dex+4} unmelds from your body.
Your +0 robe unmelds from your body.
Duvessa hits you with a +0 short sword.
Okay, then.
Casting: Spider Form (dangerous; 2% risk of failure)
Confirm with . or Enter, or press ? or * to list all spells.
You turn into a venomous arachnid creature.
Your +2 cloak melds into your body.
Your +0 helmet melds into your body.
Your +1 pair of gloves melds into your body.
The +1 pair of boots of Failure {Str-4 Int+6 Dex+4} melds into your body.
Your +0 robe melds into your body.
Duvessa completely misses you. Duvessa misses you.
You hit Duvessa but do no damage.
Duvessa looks as sick as possible!
Duvessa is heavily wounded.
Duvessa misses you.
You hit Duvessa but do no damage.
Duvessa looks as sick as possible!
Duvessa is heavily wounded.
Duvessa hits you with a +0 short sword. Duvessa completely misses you.
You barely miss Duvessa.
Duvessa is heavily wounded.
Duvessa hits you with a +0 short sword!
You feel much better.
Duvessa hits you with a +0 short sword!!
Unknown command.
As you read the scroll of fog, it crumbles to dust.
The scroll dissolves into smoke.
Duvessa hits you with a +0 short sword!
* * * LOW HITPOINT WARNING * * *
Duvessa barely misses you.
Unknown command.
You feel better. Duvessa completely misses you.
You feel yourself speed up. Duvessa misses you. Duvessa completely misses you.
Duvessa barely misses you.
Duvessa rages.
Duvessa attacks as you move away! Duvessa hits you with a +0 short sword!
You die...

#.....##.### #.........#
## ###.......# ##..
##..###.........## #....
#....##..........##....
#.....................
#.......§§##)§...##. #
#......##§##..§..# .#
#.......#§§§es...##.##
#......##§#§§§.......#
##......######†....### .
#...##....# #.......# .#
#....#....###.....###
..##..........#..###..#
..........<...†...# .....
.............#.........#.
....#..##...##)........#


You could see Duvessa (berserk, very poisoned).

Vanquished Creatures
  2 ogres
  2 ice beasts
  A centaur (D:6)
  2 bullfrogs
  A necrophage (D:6)
  3 scorpions
  Dowan (D:7)
  A howler monkey (D:5)
  Crazy Yiuf (D:2)
  6 hounds
  An orc priest (D:4)
  A jelly (D:6)
  3 orc wizards
  An iguana (D:5)
  11 gnolls
  5 adders
  A shadow imp (D:6)
  2 worms
  2 dart slugs
  23 orcs
  14 endoplasms
  12 giant cockroaches
  12 goblins
  7 hobgoblins
  5 jackals
  5 kobolds
  9 quokkas
  13 ball pythons
  A bat (D:3)
  12 frilled lizards
  9 rats
169 creatures vanquished.

Vanquished Creatures (others)
  A plant (D:1)
1 creature vanquished.

Grand Total: 170 creatures vanquished

Notes
Turn   | Place    | Note
-------+----------+-------------------------------------------
     0 | D:1      | Icepheonix32 the Merfolk Transmuter began the quest for the
                  | Orb.
     0 | D:1      | Reached XP level 1. HP: 15/15 MP: 3/3
    36 | D:1      | Found a faded altar of an unknown god.
   177 | D:1      | Reached XP level 2. HP: 13/21 MP: 3/5
   684 | D:1      | Reached XP level 3. HP: 18/26 MP: 4/6
  1192 | D:2      | Found a runed translucent door.
  1193 | D:2      | Noticed Crazy Yiuf
  1282 | D:1      | Learned a level 2 spell: Wereblood
  1286 | D:1      | Learned a level 3 spell: Spider Form
  1604 | D:2      | Reached XP level 4. HP: 21/32 MP: 5/7
  1917 | D:2      | Gained mutation: You are partially covered in iridescent
                  | scales. (AC +2) [potion of mutation]
  1917 | D:2      | Gained mutation: Your muscles are strong. (Str +4, Int/Dex
                  | -1) [potion of mutation]
  1917 | D:2      | Gained mutation: You are agile. (Dex +4, Str/Int -1)
                  | [potion of mutation]
  1921 | D:2      | Reached skill level 1 in Stealth
  2300 | D:2      | Killed Crazy Yiuf
  2301 | D:2      | Reached skill level 1 in Poison Magic
  2301 | D:2      | Reached XP level 5. HP: 7/37 MP: 5/8
  3052 | D:3      | Found a glowing golden altar of the Shining One.
  3052 | D:3      | Found an ancient bone altar of Kikubaaqudgha.
  3063 | D:3      | Identified the +1 pair of boots of Failure {Str-4 Int+6
                  | Dex+4}
  3442 | D:4      | Reached skill level 5 in Transmutations
  3578 | D:4      | Noticed an ogre
  3592 | D:4      | Reached XP level 6. HP: 43/43 MP: 4/9
  3796 | D:4      | Identified a scroll of acquirement
  3796 | D:4      | Acquired 514 gold pieces
  3959 | D:5      | Entered Level 5 of the Dungeon
  3965 | D:5      | Reached XP level 7. HP: 49/49 MP: 5/11
  3967 | D:5      | Reached skill level 5 in Unarmed Combat
  4108 | D:5      | Found a glowing drain.
  4145 | Sewer    | Entered a sewer
  4413 | Sewer    | Got the Disquisition on Conflict
  4428 | Sewer    | Learned a level 4 spell: Ice Form
  4614 | D:5      | Found a staircase to the Ecumenical Temple.
  4620 | Temple   | Entered the Ecumenical Temple
  4710 | Temple   | Became a worshipper of Sif Muna the Loreminder
  4748 | D:5      | Found a glowing silver altar of Zin.
  4924 | D:5      | Reached skill level 1 in Ice Magic
  4924 | D:5      | Reached XP level 8. HP: 43/56 MP: 8/12
  5862 | D:6      | Identified the ring of the Death Scarab {rN++ Will+ Str-5
                  | Int+6}
  6325 | D:6      | Reached skill level 5 in Dodging
  6348 | D:7      | Noticed Duvessa
  6405 | D:7      | Noticed Dowan
  6417 | D:7      | Killed Dowan
  6417 | D:7      | Reached * piety under Sif Muna
  6443 | D:7      | Slain by Duvessa

Illustrated notes

Levels and vault maps discovered:
D:1:      lightli_arrival_flooded_house, layout_rooms,
          ebering_ecumenical_altar_petrified, grunt_decor_junction,
          interstate_on_off
D:2:      layout_loops_ring, kennysheep_generic_room_14, uniq_crazy_yiuf_cottage
D:3:      layout_rooms, jmf_multi_god_temple
D:4:      layout_rooms, hangedman_feature_mirror
D:5:      layout_gridville, amcnicky_altar_gilded, minmay_temple_entry_fiery,
          cheibrodos_sewer_entry_drain
D:6:      layout_cave_pods
D:7:      nicolae_cairo_tiling_large_dashed, layout_cave_pools,
          grunt_temple_overflow_open, kennysheep_generic_room_8, uniq_duvessa
Temple:   ebering_untended_altars

Skill      XL: |  1  2  3  4  5  6  7  8 |
---------------+-------------------------+-----
Transmutations | 3 4 5 6 7 |  7.0
Dodging        | 3 4 5 |  5.1
Stealth        | 1 3 |  3.3
Unarmed Combat | 4 5 7 |  7.0
Poison Magic   | 1 2 3 |  3.5
Spellcasting   | 3 |  3.6
Fighting       | 2 |  2.1
Ice Magic      | 1 3 |  3.3

Action                   |  1- 3 |  4- 6 |  7- 9 || total
-------------------------+-------+-------+-------++-------
Melee: Unarmed           |   107 |   132 |   216 ||   455
       Headbutt          |    15 |     8 |     9 ||    32
       Punch             |     2 |     2 |     3 ||     7
       Tailslap          |       |       |    10 ||    10
 Cast: Beastly Appendage |    18 |    10 |    10 ||    38
       Spider Form       |     1 |    10 |    14 ||    25
       Wereblood         |       |     5 |     3 ||     8
       Ice Form          |       |       |     4 ||     4
 Abil: End Transformatio |       |       |     1 ||     1
  Use: Potion            |       |     5 |     3 ||     8
       Scroll            |       |    10 |     7 ||    17
 Stab: Sleeping          |     2 |     4 |     5 ||    11
       Distracted        |       |     1 |       ||     1
Armor: Robe              |    16 |    17 |    21 ||    54
       Skin              |       |     6 |     8 ||    14
Dodge: Dodged            |    65 |    83 |   182 ||   330
